 Dungeon Crawl Stone Soup version 0.23-a0-305-g7ffd15e (webtiles) character file.

21951 tsouns the Covert (level 12, -2/88 HPs)
             Began as an Octopode Wanderer on Oct 9, 2018.
             Was an Initiate of Gozag.
             Killed from afar by a tengu conjurer (36 damage)
             ... with a bolt of lightning
             ... on level 13 of the Dungeon.
             The game lasted 00:39:30 (14682 turns).

tsouns the Covert (Octopode Wanderer)              Turns: 14682, Time: 00:39:31

Health: -2/88      AC:  6    Str: 14    XL:     12   Next: 95%
Magic:  16/16      EV: 18    Int: 27    God:    Gozag
Gold:   689        SH:  5    Dex: 10    Spells: 13/13 levels left

rFire    . . .     SeeInvis .   H - +10 rapier of Visous {freeze, MR++}
rCold    . . .     Gourm    .   c - +1 buckler
rNeg     . . .     Faith    .   y - +0 hat {Int+3}
rPois    .         Spirit   .   p - amulet of rage
rElec    .         Reflect  .   i - +5 ring of protection
rCorr    .         Harm     .   B - ring of flight
MR       ++...                  E - +2 ring of evasion
Stlth    +++++++...             L - ring of stealth
HPRegen  0.24/turn              T - +6 ring of intelligence
MPRegen  0.15/turn              (no ring)
                                (no ring)
                                (no ring)

@: gold aura
A: almost no armour, stealthy swim, amphibious, 8 rings, constrict 8, camouflage
1, gelatinous body 1
a: Potion Petition, Call Merchant, Bribe Branch, Renounce Religion, Evoke
Berserk Rage, Evoke Flight


You were on level 13 of the Dungeon.
You worshipped Gozag.
Gozag was pleased with you.
You were not hungry.

You visited 2 branches of the dungeon, and saw 14 of its levels.

You collected 2745 gold pieces.
You spent 1088 gold pieces at shops.
You paid 968 gold pieces to Gozag.

Inventory:

Hand Weapons
 b - a +0 mace
 o - a +1 short sword of draining
 u - a +5 mace
 G - a +0 morningstar
 H - the +10 rapier of Visous (weapon) {freeze, MR++}
   (You found it on level 9 of the Dungeon)

   It has been specially enchanted to freeze those struck by it, causing extra
   injury to most foes and up to half again as much damage against particularly
   susceptible opponents.
   It can also slow down cold-blooded creatures.
   It affects your resistance to hostile enchantments.
 K - the +7 Singing Sword {slice, sonic wave}
   (You found it on level 9 of the Dungeon)

   It inflicts extra damage upon your enemies.
Missiles
 e - 454 stones (quivered)
 m - 19 tomahawks
 v - 99 bolts
 A - 10 javelins
 O - a throwing net
Armour
 c - a +1 buckler (worn)
 x - a +0 shield
 y - a +0 hat of intelligence (worn)
Jewellery
 i - a +5 ring of protection (left tentacle)
 p - an amulet of rage (around mantle)
 B - a ring of flight (right tentacle)
 E - a +2 ring of evasion (on tentacle)
 L - a ring of stealth (on tentacle)
 T - a +6 ring of intelligence (on tentacle)
Wands
 q - a wand of digging (14)
 Q - a wand of polymorph (26)
 R - a wand of acid (11)
 U - a wand of iceblast (10)
Scrolls
 f - 3 scrolls of amnesia
 j - 9 scrolls of teleportation
 l - 5 scrolls of identify
 n - 5 scrolls of remove curse
 s - 4 scrolls of magic mapping
 C - a scroll of immolation
 D - 2 scrolls of fear
 I - 2 scrolls of enchant weapon
 J - a scroll of fog
Potions
 a - 4 potions of curing
 g - 3 potions of degeneration
 h - 2 potions of magic
 k - a potion of mutation {unknown}
 r - a potion of haste
 t - 3 potions of brilliance
 w - 4 potions of lignification
 z - 2 potions of might
 F - 3 potions of flight
 M - 3 potions of agility
Miscellaneous
 N - a box of beasts
 P - a phial of floods
 S - a lamp of fire (inert)
Comestibles
 d - 12 rations


   Skills:
 + Level 10.4 Fighting
 * Level 6.6 Short Blades
 - Level 10.2 Maces & Flails
   Level 2.0 Crossbows
 + Level 8.3 Dodging
 + Level 13.4 Stealth
 - Level 4.0 Shields
 - Level 1.0 Spellcasting
   Level 1.0 Summonings
   Level 1.0 Translocations
 - Level 5.6 Evocations


You had 13 spell levels left.
You didn't know any spells.
Your spell library contained the following spells:

 Spells                   Type           Power        Failure   Level  Hunger
 Summon Small Mammal      Summ           #...         7%          1    ##.....
 Confusing Touch          Hex            #.....       11%         1    ##.....
 Call Imp                 Summ           #.......     11%         2    ###....
 Call Canine Familiar     Summ           #.......     22%         3    ####...
 Gell's Gravitas          Tloc           #.........   22%         3    ####...
 Summon Guardian Golem    Hex/Summ       #.......     26%         3    ####...
 Confuse                  Hex            #.......     32%         3    ####...
 Summon Ice Beast         Ice/Summ       #.......     65%         4    #####..
 Summon Lightning Spire   Summ/Air       #.......     65%         4    #####..
 Petrify                  Tmut/Erth      #.......     71%         4    #####..
 Bolt of Magma            Conj/Fire/Erth #.........   96%         5    ######.
 Iskenderun's Battlesphe  Conj/Chrm      #.......     96%         5    ######.
 Metabolic Englaciation   Hex/Ice        #.........   96%         5    ######.
 Venom Bolt               Conj/Pois      #.........   96%         5    ######.
 Yara's Violent Unravell  Hex/Tmut       #.........   96%         5    ######.
 Iron Shot                Conj/Erth      #.........   100%        6    #######
 Orb of Destruction       Conj           #.........   100%        7    #######
 Spellforged Servitor     Conj/Summ      #.........   100%        7    #######


Dungeon Overview and Level Annotations

Branches:
Dungeon (13/15)            Temple (1/1) D:5            Lair (0/6) D:11
    Orc (0/2) D:9
 Vaults: D:13-14

Altars:
Ashenzari
Cheibriados
Dithmenos
Elyvilon
Fedhas
Gozag
Hepliaklqana
Kikubaaqudgha
Makhleb
Nemelex Xobeh
Okawaru
Qazlal
Ru
Sif Muna
Trog
Uskayaw
Vehumet
Wu Jian
Xom
Yredelemnul
Zin
The Shining One

Shops:
D:11 }

Annotations:
D:8 3 runed doors, nht's ghost, novice MiHu


Innate Abilities, Weirdness & Mutations

You cannot wear most types of armour.
You are very stealthy in the water. (Stealth+)
You are amphibious.
You can wear up to eight rings at the same time.
You can use your tentacles to constrict eight enemies at once.
Your skin changes colour to match your surroundings (Stealth+).
Your rubbery body absorbs attacks. (AC +1, EV +1)


Message History

You barely miss the steam dragon.
The steam dragon is almost dead.
You are engulfed in a cloud of scalding steam.
The steam dragon breathes steam at you. The ball of steam hits you!
You hit the steam dragon but do no damage.
The steam dragon is almost dead.
You are engulfed in a cloud of scalding steam.
The steam dragon misses you. The steam dragon completely misses you.
You impale the steam dragon!! You freeze the steam dragon.
You kill the steam dragon!
The orc warrior returns to its original shape as it dies.
You are engulfed in a cloud of scalding steam.
The tengu conjurer hits you.
The tengu conjurer pecks you but does no damage.
The tengu conjurer claws you but does no damage.
The tengu conjurer gestures at you while chanting.
The bolt of lightning hits you!
You die...
Your body crumbles into a pile of gold.

...p...O.p..........##########
.Q.#####)O≈..#####..# #≈Q≈≈.#
#..# #####≈≈≈≈.# #..#
..#....≈≈≈≈.# #..#
..'..[[≈≈D≈.# #..#
..#...#≈≈≈.## #..##########
#####≈≈.#######............
#########...p§@§.§.............
#...........Q##################
#............# #............#
#............# #............#
##### #............##########
#...#
#.................>...#####'#..
#.................###.'.....###


You could see a vault guard and a tengu conjurer.

Vanquished Creatures
  Gastronok (D:8)
  A hydra (D:13)
  A centaur warrior (D:13)
  A death yak (D:13)
  A two-headed ogre (D:13)
  2 unseen horrors (D:11)
  2 wizards (D:7)
  An orc knight (D:13)
  2 ugly things (D:12)
  A wolf spider zombie (D:13)
  A cyclops (D:13)
  A black mamba (D:13)
  Maurice (D:11)
  Joseph (D:8)
  A centaur skeleton (D:10)
  A komodo dragon (D:10)
  A merfolk (D:10)
  3 trolls
  A hornet (D:12)
  2 hippogriffs (D:11)
  8 slime creatures
  A meliai zombie (D:11)
  2 wyverns
  A water elemental (D:11)
  10 yaks
  2 steam dragons
  2 hungry ghosts
  Menkaure (D:5)
  A water moccasin (D:13)
  5 orc warriors
  2 phantoms
  A black bear (D:10)
  2 ice beasts (D:11)
  A sky beast (D:12)
  2 necrophages
  4 ogres
  10 centaurs
  A big kobold (D:12)
  Blork the orc (D:6)
  A gnoll sergeant (D:12)
  A wyvern zombie (D:11)
  9 bullfrogs
  A wyvern skeleton (D:11)
  5 scorpions
  A killer bee (D:11)
  A water moccasin skeleton (D:8)
  A vampire bat (D:7)
  8 wights
  5 electric eels (D:11)
  4 howler monkeys
  5 crimson imps
  3 bullfrog zombies
  A centaur zombie (D:9)
  7 hounds
  8 orc priests
  A jelly (D:10)
  11 orc wizards
  A bullfrog skeleton (D:13)
  5 iguanas
  7 worker ants
  Natasha (thrice) (D:2 D:4 D:3)
  A hound zombie (D:5)
  2 hound skeletons
  2 worker ant zombies
  16 gnolls
  14 adders
  2 howler monkey skeletons
  3 shadow imps
  An ooze (D:3)
  2 adder skeletons
  An adder zombie (D:9)
  A dart slug (D:1)
  4 leopard geckos
  41 orcs
  A ball python (D:3)
  3 bat skeletons (D:7)
  3 bat zombies (D:7)
  5 giant cockroaches
  19 goblins
  5 hobgoblins
  5 jackals
  2 quokkas
  11 bats
  6 frilled lizards
  10 kobolds
  A leopard gecko skeleton (D:4)
  8 rats
341 creatures vanquished.

Vanquished Creatures (collateral kills)
  An unseen horror (D:12)
  A crimson imp (D:7)
  A jelly (D:7)
  A worker ant (D:12)
  4 orcs (D:7)
8 creatures vanquished.

Vanquished Creatures (others)
  2 centaurs (D:12)
2 creatures vanquished.

Grand Total: 351 creatures vanquished

Notes
Turn   | Place    | Note
-------+----------+-------------------------------------------
     0 | D:1      | tsouns the Octopode Wanderer began the quest for the Orb.
     0 | D:1      | tsouns set off with: a +0 mace, a +0 buckler, a ration
     0 | D:1      | Reached XP level 1. HP: 16/16 MP: 2/2
    67 | D:1      | Reached XP level 2. HP: 12/21 MP: 3/3
   101 | D:1      | Reached skill level 1 in Stealth
   261 | D:1      | Reached skill level 1 in Maces & Flails
   400 | D:1      | Reached XP level 3. HP: 26/26 MP: 4/4
   756 | D:2      | Found a basalt altar of Yredelemnul.
   773 | D:2      | Reached skill level 2 in Stealth
   974 | D:2      | Found a glowing silver altar of Zin.
   974 | D:2      | Found a deep blue altar of Sif Muna.
  1019 | D:2      | Noticed Natasha
  1024 | D:2      | Killed Natasha
  1024 | D:2      | Reached XP level 4. HP: 31/31 MP: 5/5
  1449 | D:3      | Reached skill level 3 in Stealth
  1449 | D:3      | Reached XP level 5. HP: 31/37 MP: 6/6
  1819 | D:4      | Noticed an ogre
  1827 | D:4      | Killed an ogre
  1827 | D:4      | Reached skill level 4 in Stealth
  1827 | D:4      | Reached XP level 6. HP: 21/43 MP: 7/7
  1995 | D:4      | Noticed Natasha
  1999 | D:4      | Killed Natasha
  2555 | D:4      | Reached XP level 7. HP: 13/49 MP: 8/8
  2822 | D:4      | Noticed Natasha
  2849 | D:3      | Killed Natasha
  3098 | D:4      | Found a shattered altar of Ashenzari.
  3126 | D:5      | Entered Level 5 of the Dungeon
  3159 | D:5      | Noticed Menkaure
  3356 | D:5      | Killed Menkaure
  3356 | D:5      | Reached skill level 5 in Stealth
  3360 | D:5      | Reached skill level 5 in Fighting
  3393 | D:5      | Found a staircase to the Ecumenical Temple.
  3400 | Temple   | Entered the Ecumenical Temple
  3564 | Temple   | Became a worshipper of Gozag Ym Sagoz the Greedy
  3917 | D:5      | Reached skill level 5 in Maces & Flails
  3917 | D:5      | Reached XP level 8. HP: 39/55 MP: 9/9
  3989 | D:5      | Reached skill level 6 in Stealth
  4300 | D:5      | Found a blossoming altar of Fedhas.
  4564 | D:6      | Found a shadowy altar of Dithmenos.
  4884 | D:6      | Reached skill level 7 in Stealth
  5064 | D:6      | Noticed Blork the orc
  5086 | D:6      | Killed Blork the orc
  5646 | D:7      | Reached XP level 9. HP: 54/62 MP: 10/10
  5701 | D:7      | Found a glowing golden altar of the Shining One.
  5741 | D:7      | Found an ancient bone altar of Kikubaaqudgha.
  5748 | D:7      | Reached skill level 1 in Dodging
  6135 | D:7      | Noticed a wizard
  6135 | D:7      | Noticed a wizard
  6256 | D:7      | Paralysed by a wizard for 5 turns
  6267 | D:7      | Killed a wizard
  6267 | D:7      | Reached skill level 8 in Stealth
  6272 | D:7      | Killed a wizard
  6569 | D:7      | Reached skill level 9 in Stealth
  6903 | D:8      | Noticed Joseph
  6904 | D:8      | Noticed nht's ghost (novice MiHu)
  6911 | D:8      | Killed Joseph
  6911 | D:8      | Reached XP level 10. HP: 59/71 MP: 11/11
  6913 | D:8      | Noticed a deep elf mage
  7127 | D:8      | Noticed Gastronok
  7145 | D:8      | Killed Gastronok
  7145 | D:8      | Reached skill level 10 in Stealth
  7240 | D:8      | Found a runed gate.
  7240 | D:8      | Found a runed gate.
  7240 | D:8      | Found a runed gate.
  7514 | D:9      | Reached skill level 10 in Maces & Flails
  7709 | D:9      | Reached skill level 5 in Dodging
  8132 | D:9      | Found a staircase to the Orcish Mines.
  8146 | D:9      | Got a transparent rapier
  8147 | D:9      | Identified the +10 rapier of Visous {freeze, MR++} (You
                  | found it on level 9 of the Dungeon)
  8233 | D:9      | Reached XP level 11. HP: 52/77 MP: 12/12
  8413 | D:9      | Reached skill level 1 in Short Blades
  8431 | D:9      | Found the +7 Singing Sword {slice, sonic wave}
  8602 | D:10     | Entered Level 10 of the Dungeon
  8718 | D:10     | Reached skill level 11 in Stealth
 10029 | D:11     | Found a staircase to the Lair.
 10092 | D:11     | Found Quuklup's Gadget Shoppe.
 10095 | D:11     | Bought a lamp of fire for 640 gold pieces
 10095 | D:11     | Bought a wand of acid (10) for 448 gold pieces
 10113 | D:11     | Reached skill level 1 in Evocations
 10158 | D:11     | Killed an unseen horror
 10160 | D:11     | Killed an unseen horror
 10622 | D:11     | Noticed Maurice
 10626 | D:11     | Killed Maurice
 10626 | D:11     | Reached skill level 12 in Stealth
 11400 | D:12     | Noticed a red ugly thing
 11410 | D:12     | Killed a red ugly thing
 11505 | D:12     | Reached XP level 12. HP: 45/86 MP: 14/14
 12178 | D:12     | Reached skill level 5 in Short Blades
 12736 | D:13     | Noticed a five-headed hydra
 12865 | D:13     | Killed a five-headed hydra
 13439 | D:13     | Noticed a centaur warrior
 13447 | D:13     | Killed a centaur warrior
 13447 | D:13     | Reached skill level 10 in Fighting
 13474 | D:13     | Noticed a vault guard
 13480 | D:13     | Noticed a death yak
 13480 | D:13     | a vault guard changed into a death yak
 13499 | D:13     | Killed a death yak
 13499 | D:13     | Reached skill level 13 in Stealth
 13499 | D:13     | Reached skill level 5 in Evocations
 14130 | D:13     | Noticed a two-headed ogre
 14137 | D:13     | Killed a two-headed ogre
 14663 | D:13     | Noticed a vault guard
 14664 | D:13     | Noticed an ogre mage
 14682 | D:13     | Killed from afar by a tengu conjurer

Vault maps used:
D:1:      dpeg_arrival_lava_temple_mockup, minmay_strange_pillars
D:2:      nicolae_overflow_crystal_walls, gammafunk_temple_overflow_elements,
          uniq_natasha
D:4:      kennysheep_little_box, first_ration
D:5:      fedhas_bush_and_centaur_altar, minmay_temple_entry_enclosed_plants,
          uniq_menkaure
D:6:      grunt_dithmenos_shadows, serial_co_window_serial, co_window_corner_a,
          co_window_paths_a, co_window_of_opportunity_a,
          co_window_of_opportunity_a, co_window_paths_a, co_window_2corner,
          co_window_unsneaky_path_a, co_window_unsneaky_path_b,
          co_window_corner_b, co_window_broadway_a, co_window_of_opportunity_b,
          co_window_2corner, glass_columns_a, glass_columns_b, minivault_10,
          uniq_blork_the_orc
D:7:      cheibrodos_wizards_tower, old_standard_altar,
          kennysheep_vampire_church
D:8:      gammafunk_ghost_split, uniq_joseph, uniq_gastronok
D:9:      old_forge, orc_0_dummy
D:10:     hangedman_fish_farm
D:11:     minmay_opposing_rooms, lair_entry_dummy, serial_shops,
          nicolae_shop_behind_doors, uniq_maurice
D:12:     hangedman_abyss_or_decor_lesser_grid, fungi_pond_lemuel,
          kennysheep_generic_room_3
D:13:     grunt_vaults_entry_fortified, minmay_misc_feat_encased
Temple:   eino_narrow_crystal_temple

Skill      XL: |  1  2  3  4  5  6  7  8  9 10 11 12 |
---------------+-------------------------------------+-----
Stealth        | 1 2 3 4 5 7 9 10 12 13 | 13.4
Maces & Flails | 1 2 3 5 6 8 10 | 10.2
Shields        | 3 4 |  4.0
Fighting       | 4 5 6 7 8 9 10 | 10.4
Dodging        | 3 5 7 8 |  8.3
Short Blades   | 4 6 |  6.6
Evocations     | 3 5 |  5.6
Crossbows      | |  2.0
Spellcasting   | |  1.0
Summonings     | |  1.0
Translocations | |  1.0

Action                   |  1- 3 |  4- 6 |  7- 9 | 10-12 || total
-------------------------+-------+-------+-------+-------++-------
Melee: Mace              |    62 |   104 |   193 |    99 ||   458
       Constrict         |    20 |    21 |    48 |    55 ||   144
       Tentacles         |    13 |    18 |    30 |    91 ||   152
       Short sword       |       |     1 |     1 |       ||     2
       Rapier            |       |       |       |   381 ||   381
Throw: Stone             |       |       |    32 |    13 ||    45
Invok: Potion Petition   |       |       |       |     3 ||     3
 Abil: Evoke Berserk Rag |       |       |       |     3 ||     3
Evoke: Wand              |       |       |    16 |    30 ||    46
       Lamp of fire      |       |       |       |     1 ||     1
       Phial of floods   |       |       |       |     1 ||     1
       Box of beasts     |       |       |       |     1 ||     1
  Use: Scroll            |       |     8 |    12 |     4 ||    24
       Potion            |       |     1 |     5 |     5 ||    11
 Stab: Sleeping          |     6 |     7 |    16 |    43 ||    72
       Distracted        |       |       |     1 |     2 ||     3
       Invisible         |       |       |     3 |     3 ||     6
  Eat: Chunk             |       |     5 |     3 |       ||     8
       Ration            |       |       |     4 |     9 ||    13
Armor: Skin              |     6 |     7 |    18 |    54 ||    85
Dodge: Dodged            |    24 |    50 |    78 |   244 ||   396
Block: Buckler           |     6 |    20 |    44 |    96 ||   166

Table legend:
 A = Non-vault XP
 B = Vault XP
 C = Vault XP percentage of total XP
 D = Non-vault monster count
 E = Vault monster count
 F = Vault count percentage of total count
                 A         B        C        D         E       F
            +---------+---------+-------+---------+---------+-------
      Total |   21625 |    9734 |  31.0 |     306 |      44 |  12.6
            +---------+---------+-------+---------+---------+-------
        D:1 |      42 |       0 |   0.0 |      25 |       0 |   0.0
        D:2 |      51 |      35 |  40.7 |      17 |       1 |   5.6
        D:3 |     237 |       0 |   0.0 |      30 |       0 |   0.0
        D:4 |     403 |       0 |   0.0 |      21 |       0 |   0.0
        D:5 |     643 |     279 |  30.3 |      24 |       2 |   7.7
        D:6 |     496 |      98 |  16.5 |      11 |       2 |  15.4
        D:7 |     781 |    1398 |  64.2 |      18 |       9 |  33.3
        D:8 |     736 |    2768 |  79.0 |      16 |       2 |  11.1
        D:9 |    1334 |     273 |  17.0 |      30 |      10 |  25.0
       D:10 |    3300 |     317 |   8.8 |      34 |       1 |   2.9
       D:11 |    2393 |    2014 |  45.7 |      21 |      10 |  32.3
       D:12 |    4224 |     297 |   6.6 |      30 |       2 |   6.2
       D:13 |    6985 |    2255 |  24.4 |      29 |       5 |  14.7
            +---------+---------+-------+---------+---------+-------
